 Dungeon Crawl Stone Soup version 0.26-a0-1191-ge2a0e31ab3 (webtiles) character file.

Game seed: 5359955490804645288

4 tilp the Sneak (level 1, -5/20 HPs)
             Began as a Palentonga Delver on Dec 28, 2020.
             Was an Initiate of Nemelex Xobeh.
             Slain by an iguana (6 damage)
             ... on level 5 of the Dungeon.
             The game lasted 00:00:56 (515 turns).

tilp the Sneak (Palentonga Delver)                   Turns: 515, Time: 00:00:57

Health: -5/20      AC:  4    Str: 15    XL:     1   Next: 50%
Magic:  1/1        EV:  9    Int: 10    God:    Nemelex Xobeh [......]
Gold:   15         SH:  0    Dex: 11    Spells: 0/0 levels left

rFire    . . .     SeeInvis +   a - +0 mace
rCold    . . .     Faith    .   (no shield)
rNeg     . . .     Spirit   .   b - +0 leather armour
rPois    .         Reflect  .   (no helmet)
rElec    .         Harm     .   (no cloak)
rCorr    .         Rampage  .   (no gloves)
Will     .....                  (no barding)
Stlth    ++........             (no amulet)
HPRegen  0.06/turn              (no ring)
MPRegen  0.07/turn              (no ring)

@: no status effects
A: large, rugged brown scales 3, see invisible, deformed body, roll 1, armoured
tail
a: Rolling Charge, Renounce Religion, Draw Escape, Draw Destruction, Draw
Summoning


You were on level 5 of the Dungeon.
You worshipped Nemelex Xobeh.
Nemelex Xobeh was noncommittal.
You visited 2 branches of the dungeon, and saw 2 of its levels.

You collected 15 gold pieces.

Inventory:

Hand Weapons
 a - a +0 mace (weapon)
Missiles
 d - 13 stones
Armour
 b - a +0 leather armour (worn)
Wands
 g - a wand of digging (3)
Scrolls
 c - a scroll of fog
 e - a scroll of fear
Potions
 f - a potion of haste
 h - a potion of curing {unknown}


   Skills:
 + Level 3.3 Fighting
 - Level 2.0 Maces & Flails
 - Level 1.5 Dodging
 - Level 3.3 Stealth


You couldn't memorise any spells.
You didn't know any spells.
Your spell library was empty.

Dungeon Overview and Level Annotations

Branches:
Dungeon (5/15)             Temple (1/1) D:5

Altars:
Dithmenos
Elyvilon
Fedhas
Makhleb
Nemelex Xobeh
Okawaru
Wu Jian
Yredelemnul
The Shining One
Jiyva


Innate Abilities, Weirdness & Mutations

You are completely covered in rugged brown scales. (AC +3, +7% HP)
You have supernaturally acute eyesight. (SInv)
Armour fits poorly on your strangely shaped body.
You can roll at nearby foes to attack.
You have a long armoured tail.


Message History

The dart slug bites you but does no damage.
You climb downwards.
Welcome back to the Ecumenical Temple!
There is a staircase back to the Dungeon here.
Unknown command.
You thump the dart slug!
The dart slug is severely wounded.
The dart slug barely misses you.
You hit the dart slug.
You kill the dart slug!
No target in view!
You climb upwards.
The iguana bites you! The iguana barely misses you.
There is a staircase to the Ecumenical Temple here.
Unknown command.
The white imp gestures at you. The puff of frost hits you!
Ouch! That really hurt!
* * * LOW HITPOINT WARNING * * *
The iguana bites you.
You die...
Your body disappears without a glow.

** *,,,,**,,,,,,*,,,,,,,,,,,,,,
,*****,,,.......#..?.....,,,,,,,,
,**,,,,**.......#........,,,,,,,,
,,,,,,,**#..$...........,$.,,,,,,
,,*******#..#.#.#.#.#.##....,,**,
,,,,** *."......[.....#....,,***
,,,,,****)..#.......#......,,,**,
,,,,**,*,.................#,,***,
,,,,,,,,,...#...@l..#...#**#.##**
,,,,,<,**........5......###...##.
,,,,,,,,,...#.......#....!##...#.
,*,,,,,,,.................##.....
**,***,,>...#.#.#.#.#.....##.....
**,,**,,,...............#.#......
*,,,,*,*,.#.####.###..###........
,,,,,*,*,,..,**#.# #..# ###.5....
≈,≈≈,,,,,**.,,*#.###..# ###....


You could see an iguana and a white imp.

Vanquished Creatures
  A dart slug (Temple)
  A giant cockroach (Temple)
2 creatures vanquished.

Notes
Turn   | Place    | Note
-------+----------+-------------------------------------------
     0 | D:5      | tilp the Palentonga Delver began the quest for the Orb.
     0 | D:5      | Reached XP level 1. HP: 20/20 MP: 1/1
    31 | D:5      | Found a staircase to the Ecumenical Temple.
    36 | D:5      | Noticed an iguana
    63 | Temple   | Entered the Ecumenical Temple
   487 | Temple   | Became a worshipper of Nemelex Xobeh the Trickster
   515 | D:5      | HP: 1/20 [white imp/puff of frost (10)]
   515 | D:5      | Slain by an iguana

Illustrated notes

Levels and vault maps discovered:
D:5:      kennysheep_slugbush, layout_cave_pools, minmay_temple_entry_glass,
          minmay_misc_feat_tower
Temple:   pf_slime_end_temple

Action                   || total
-------------------------++-------
Melee: Mace              ||     5
       Tailslap          ||     1
 Abil: Rolling Charge    ||     1
  Use: Scroll            ||     1
Armor: Leather armour    ||     4
Dodge: Dodged            ||     7

Table legend: (Time is in decaauts)
 A = Elapsed time spent in this place.
 B = Non-inter-level travel time spent in this place.
 C = Inter-level travel time spent in this place.
 D = Time resting spent in this place.
 E = Time spent auto-exploring this place.
 F = Levels seen in this place.
 G = Mean time per level.
                   A        B        C        D        E       F      G
               +--------+--------+--------+--------+--------+-----+--------+
         Total |    517 |    485 |     32 |    282 |    123 |   2 |  258.5 |
       Dungeon |     68 |     68 |      0 |      0 |      0 |   1 |   68.0 |
        Temple |    449 |    417 |     32 |    282 |    123 |   1 |  449.0 |
               +--------+--------+--------+--------+--------+-----+--------+

Top non-repeatable levels by time:
  Temple: 449 daAuts
     D:5: 68 daAuts
